Unix NetHack Version 5.0.0-0 post-release - last build May 17 2026 04:57:42 (dc50c8380fa5e20985bfe3072449f57b8d9895ef,branch:main).

Game began 2026-05-18 01:29:15, ended 2026-05-18 04:20:12.

IanCurtis, chaotic male elven Wizard

                              ---------------
                             #..............|
              -----------    #|.............|
              .......*..|    #|.............|
       #      |.........|   ##-|-------------
    ---|-f    |.........| ###  #
    |Z..:@####..........| #    #
    |..*|     |.........| #    #
    |...|     ------.---- #    ####
    |>.?            #     #       #
    |...|           ##    #       #                 -----.-----
    -----          #### ###       #                 |.........|
                     #   #        ###               |.........|
                     ### #          ###          ###.....<....|
                       # #          --.----   ####  |.........|
                   ----.-#          |......####     |.........|
                   |..{.|#          |.....|         |.........|
                   |.....#          |..>.[|         ---.-------
                   ------           -------

IanCurtis the Conjurer    St:14 Dx:12 Co:16 In:16 Wi:8 Ch:13  Chaotic
Dlvl:4  $:40 HP:0(19) Pw:5(25) AC:7  Xp:3 T:1362  Blind Deaf

Latest messages:
 What do you want to use or apply? [cl-ostvwEI or ?*] s
 In what direction? k
 You hear nothing special.
 The kitten picks up a yellow gem.
 The kitten drops a yellow gem.
 The kitten picks up a yellow gem.
 The kitten drops a yellow gem.
 The kitten picks up a yellow gem.
 The kitten drops a yellow gem.
 Your kitten steps reluctantly onto a violet gem.
 The kitten picks up a yellow gem.
 You hear some noises.
 You stop searching.
 It misses the orc zombie.
 You miss the orc zombie.
 It bites the orc zombie.
 The orc zombie is destroyed!
 You stop.  Your kitten is in the way!
 You see here a violet gem.
 You are momentarily blinded by a flash of light!
 You hear a deafening roar!
 A cave spider suddenly appears next to you!
 An iguana suddenly appears next to you!
 A floating eye suddenly appears next to you!
 You miss the floating eye.
 The iguana bites!
 The cave spider bites!
 You miss the floating eye.
 The cave spider bites!
 You hit the floating eye.
 The cave spider bites!
 You hit the floating eye.
 The cave spider bites!
 You kill the floating eye!
 The iguana bites!
 The cave spider bites!
 In what direction? y
 The spell misses the iguana.
 The iguana bites!
 The cave spider just misses!
 In what direction? y
 The spell hits the iguana!
 The cave spider bites!
 In what direction? h
 The spell misses the iguana.
 The spell hits the cave spider!
 You kill the cave spider!
 The iguana bites!
 You die...
 Do you want your possessions identified? [ynq] (y) q

Inventory:
 Coins    ('$')
  $ - 40 gold pieces
 Weapons  (')')
  a - a blessed +1 quarterstaff (weapon in hands)
 Armor    ('[')
  C - an uncursed +0 orcish helm (being worn)
  y - an uncursed +0 pair of high boots
  B - an uncursed +0 pair of jumping boots named jumping (being worn)
  b - an uncursed +0 cloak of magic resistance (being worn)
 Comestibles  ('%')
  H - 2 uncursed food rations
  p - 2 uncursed lichen corpses
 Scrolls  ('?')
  j - an uncursed scroll of blank paper
  u - an uncursed scroll of blank paper
  k - a blessed scroll of enchant armor
  A - a blessed scroll of identify
  i - an uncursed scroll of scare monster
 Spellbooks  ('+')
  t - an uncursed spellbook of detect food
  l - a blessed spellbook of force bolt
  I - an uncursed spellbook of force bolt
  w - an uncursed spellbook of healing
  m - an uncursed spellbook of sleep
 Potions  ('!')
  G - a cursed potion of blindness
  z - a blessed potion of booze
  g - an uncursed potion of extra healing
  h - an uncursed potion of gain ability
  f - an uncursed potion of gain energy
  q - an uncursed potion of levitation
 Rings    ('=')
  e - a blessed +3 ring of gain strength (on left hand)
  r - an uncursed +2 ring of gain strength
  x - a cursed ring of hunger
  d - an uncursed ring of slow digestion (on right hand)
 Wands    ('/')
  c - a wand of magic missile (0:5)
 Tools    ('(')
  o - an uncursed tooled horn
  E - a blessed brass lantern
  n - a magic marker (0:21)
  s - an uncursed stethoscope
  v - 4 uncursed tallow candles

IanCurtis the Wizard's attributes:

Background:
 You were a Conjurer, a level 3 male elven Wizard.
 You were chaotic, on a mission for Anhur
 who was opposed by Ptah (lawful) and Thoth (neutral).
 You were right-handed.
 You were in the Dungeons of Doom, on level 4.
 You entered the dungeon 1362 turns ago.
 It was nighttime.
 There was a new moon in effect when your adventure ended.
 You had 75 experience points, 5 more were needed to attain level 4.

Basics:
 You had 0 out of 19 hit points.
 You had 5 out of 25 energy points (spell power).
 Your armor class was 7.
 Your wallet contained 40 zorkmids.
 Autopickup was off.

Final Characteristics:
 Your strength was 14 (base:11, limit:18).
 Your dexterity was 12 (limit:18).
 Your constitution was 16 (limit:16).
 Your intelligence was 16 (limit:20).
 Your wisdom was 8 (limit:20).
 Your charisma was 13 (limit:18).

Final Status:
 You were temporarily blind.
 You were deaf.
 You weren't hungry.
 You were unencumbered.
 You were wielding a quarterstaff.
 You had basic skill with quarterstaff.

Final Attributes:
 You were devoutly aligned.
 You were magic-protected.
 You were telepathic.
 You had infravision.
 You could jump.
 You had slower digestion.
 You were warded.
 You are dead.

Miscellaneous:
 You didn't encounter any bones levels.
 Total elapsed playing time was 27 minutes and 28 seconds.

Major events:
 Turn
    1: IanCurtis the chaotic male elven Wizard entered the dungeon
  972: entered the Gnomish Mines
 1046: attained the rank of Conjurer (level 3)
 1362: killed by an iguana

Spells:
 Name                 Level Category     Fail Retention
 force bolt             1   attack         0%  91%-100%
 sleep                  3   enchantment    0%  91%-100%
 detect food            2   divination    70%  76%-100%
 healing                1   healing        0%  76%-100%

Skills:
 Fighting Skills
   bare handed combat [Unskilled]
   riding             [Unskilled]
 Weapon Skills
   dagger             [Unskilled]
   knife              [Unskilled]
   axe                [Unskilled]
   short sword        [Unskilled]
   club               [Unskilled]
   mace               [Unskilled]
   quarterstaff       [Basic]
   polearms           [Unskilled]
   spear              [Unskilled]
   trident            [Unskilled]
   sling              [Unskilled]
   dart               [Unskilled]
   shuriken           [Unskilled]
 Spellcasting Skills
   attack spells      [Basic]
   healing spells     [Unskilled]
   divination spells  [Unskilled]
   enchantment spells [Basic]
   clerical spells    [Unskilled]
   escape spells      [Unskilled]
   matter spells      [Unskilled]

Voluntary challenges:
 Character rerolling was not enabled.
 You never genocided any monsters.
 You never polymorphed an object.
 You never changed form.
 You used no wishes.
Achievements:
 You entered a shop.
 You entered the Gnomish Mines.
 You attained the rank of Conjurer.

 The Dungeons of Doom: levels 1 to 4
    Level 1: "vault"
       An altar, some fountains.
    Level 2:
       An armor shop.
    Level 3:
    Level 4: "vault" <- You were here.
       A fountain.
       Stairs down to The Gnomish Mines.
       Final resting place for
          you, killed by an iguana.
 The Gnomish Mines:
    Level 5:


Vanquished creatures:
  2 floating eyes
  a giant bat
  2 orc zombies
  a cave spider
  a yellow mold
  a gnome
  a gnome zombie
  a gecko
  3 jackals
  2 goblins
  a sewer rat
  3 grid bugs
  3 lichens
  a kobold zombie
  3 newts
26 creatures vanquished.

No species were genocided or became extinct.

Game over:
                       ----------
                      /          \
                     /    REST    \
                    /      IN      \
                   /     PEACE      \
                  /                  \
                  |    IanCurtis     |
                  |      40 Au       |
                  |   killed by an   |
                  |      iguana      |
                  |                  |
                  |                  |
                  |       2026       |
                 *|     *  *  *      | *
        _________)/\\_//(\/(/\)/\//\/|_)_______

Goodbye IanCurtis the Wizard...

You died in The Dungeons of Doom on dungeon level 4 with 536 points,
and 40 pieces of gold, after 1362 moves.
You were level 3 with a maximum of 19 hit points when you died.

